 Dungeon Crawl Stone Soup version 0.24.0-13-gcf9b3192b9 (webtiles) character file.

Game seed: 13653823456607565308, levelgen mode: deterministic

101 Curus the Chopper (level 4, -5/39 HPs)
             Began as a Minotaur Abyssal Knight on Nov 6, 2019.
             Was a Follower of Lugonu.
             Slain by Crazy Yiuf
             ... wielding a +4 quarterstaff of chaos
              (10 damage)
             ... on level 2 of the Dungeon.
             The game lasted 00:07:15 (2013 turns).

Curus the Chopper (Minotaur Abyssal Knight)         Turns: 2013, Time: 00:07:16

Health: -5/39      AC:  8    Str: 16      XL:     4   Next: 48%
Magic:  5/5        EV: 12    Int:  9      God:    Lugonu [*.....]
Gold:   24         SH:  0    Dex: 15 (16) Spells: 3/3 levels left

rFire    . . .     SeeInvis .   a - +2 hand axe
rCold    . . .     Gourm    .   (no shield)
rNeg     . . .     Faith    .   i - +0 chain mail
rPois    .         Spirit   .   (helmet restricted)
rElec    .         Reflect  .   (no cloak)
rCorr    +         Harm     .   (no gloves)
MR       .....                  (no boots)
Stlth    ..........             (no amulet)
HPRegen  0.13/turn              h - ring of resist corrosion
MPRegen  0.09/turn              (no ring)

@: agile, lightly drained
A: retaliatory headbutt, horns 2
a: Depart the Abyss, Renounce Religion


You were on level 2 of the Dungeon.
You worshipped Lugonu.
Lugonu was aware of your devotion.
You were very hungry.

You visited 1 branch of the dungeon, and saw 2 of its levels.
You visited the Abyss 1 time.

You collected 24 gold pieces.

Inventory:

Hand Weapons
 a - a +2 hand axe (weapon)
Armour
 b - a +0 leather armour
 d - a +0 ring mail
 i - a +0 chain mail (worn)
Jewellery
 h - a ring of resist corrosion (left hand)
Wands
 j - a wand of digging (3)
Scrolls
 f - a scroll of enchant weapon
 k - a scroll of identify
Potions
 e - a potion of ambrosia
Comestibles
 c - 5 rations


   Skills:
 - Level 3.6(3.3) Fighting
 + Level 4.4(4.1) Axes
 - Level 2.4(2.1) Armour
 - Level 1.1(0.8) Dodging
 + Level 3.5(3.2) Invocations


You had 3 spell levels left.
You didn't know any spells.
Your spell library was empty.

Dungeon Overview and Level Annotations

Branches:
Dungeon (2/15)

Altars:

Annotations:
D:2 Crazy Yiuf


Innate Abilities, Weirdness & Mutations

You reflexively headbutt those who attack you in melee.
You have a pair of horns on your head.


Message History

f - a scroll of enchant weapon
There is an open door here.
k - a scroll of identify You are feeling very hungry.
There is an open door here.
You see here a bat skeleton.
Crazy Yiuf shouts!
You open the door. You barely miss Crazy Yiuf.
Crazy Yiuf drinks a potion.
Crazy Yiuf flickers and vanishes!
Deactivating autopickup; reactivate with Ctrl-A.
You miss something. Your headbutt misses something. Something hits you.
You feel drained.
You barely miss something. Something hits you! Something burns you.
You barely miss something. Something hits you!
You miss something. You headbutt something. Something hits you!
* * * LOW HITPOINT WARNING * * *
You feel agile all of a sudden. Something hits you!
You die...

...÷..# #.#.#
...######<###
#..........#
#.#........#
#####
#.#........#
#)..#
#.##'#######
#...# #.##.#
... #.##.#
#{#
#.##.#######
♣@♣♣
...........#
♣♣.♣
#.##.#####.#
♣.♣♣ #.##.#
#.# ♣♣.♣
#.##.# #.#
♣♣.♣♣ #.##.#
#.# ♣♣...♣
#.##.# #.#
♣....♣ #.##.#
#.# #....#
#÷##.#
#.####....#


There were no monsters in sight!

Vanquished Creatures
  Terence (D:2)
  Robin (D:2)
  2 adders (D:2)
  An ooze (D:2)
  A worm (D:2)
  A dart slug (D:2)
  A leopard gecko (D:2)
  6 bats
  16 goblins
  2 hobgoblins (D:2)
  A ball python (D:2)
  3 frilled lizards
  3 kobolds (D:2)
  A rat (D:1)
40 creatures vanquished.

Notes
Turn   | Place    | Note
-------+----------+-------------------------------------------
     0 | Abyss:1  | Curus the Minotaur Abyssal Knight began the quest for the
                  | Orb.
     0 | Abyss:1  | Reached XP level 1. HP: 19/19 MP: 1/1
    48 | Abyss:1  | Noticed a smoke demon
   102 | D:1      | Escaped the Abyss
   509 | D:1      | Reached * piety under Lugonu
   782 | D:2      | Reached skill level 3 in Axes
   782 | D:2      | Reached XP level 2. HP: 17/26 MP: 2/2
  1171 | D:2      | Noticed Robin
  1179 | D:2      | Killed Robin
  1179 | D:2      | Reached XP level 3. HP: 20/31 MP: 2/4
  1292 | D:2      | Noticed Terence
  1310 | D:2      | Killed Terence
  1310 | D:2      | Reached skill level 4 in Axes
  1310 | D:2      | Reached XP level 4. HP: 23/39 MP: 5/5
  1665 | D:2      | Found a runed translucent door.
  1666 | D:2      | Noticed Crazy Yiuf
  2013 | D:2      | Slain by Crazy Yiuf

Levels and vault maps discovered:
D:1:      minmay_arrival_split_and_join, layout_rooms, serial_glass,
          glass_columns_b, glass_columns_a
D:2:      layout_basic, uniq_crazy_yiuf_cottage, uniq_terence, uniq_robin

Skill      XL: |  1  2  3 |
---------------+----------+-----
Invocations    | 2 3 |  3.5
Axes           | 3 4 |  4.4
Fighting       | |  3.6
Armour         | |  2.4
Dodging        | |  1.1

Action                   |  1- 3 |  4- 6 || total
-------------------------+-------+-------++-------
Melee: Hand axe          |    68 |    33 ||   101
       Headbutt          |    10 |     5 ||    15
Invok: Depart the Abyss  |     1 |       ||     1
  Use: Potion            |     4 |     3 ||     7
       Scroll            |     3 |     2 ||     5
  Eat: Chunk             |     1 |     1 ||     2
Armor: Ring mail         |    14 |     4 ||    18
       Leather armour    |     2 |       ||     2
       Chain mail        |       |     9 ||     9
Dodge: Dodged            |    25 |     9 ||    34
